 Dungeon Crawl Stone Soup version 0.29-a0-359-g541a27f54d (console) character file.

Game seed: 442610222748017427

17 petzl the Vexing (level 2, -2/21 HPs)
             Began as a Formicid Arcane Marksman on Apr 27, 2022.
             Slain by a quokka (4 damage)
             ... on level 1 of the Dungeon.
             The game lasted 00:00:59 (583 turns).

petzl the Vexing (Formicid Arcane Marksman)          Turns: 583, Time: 00:01:01

Health: -2/21      AC:  2    Str: 14    XL:     2   Next: 80%
Magic:  2/4        EV: 12    Int: 12    God:
Gold:   48         SH:  0    Dex: 11    Spells: 2/3 levels left

rFire   . . .      SeeInvis +   a - +0 hand crossbow
rCold   . . .      Faith    .   (no shield)
rNeg    . . .      Spirit   .   b - +0 robe
rPois   .          Reflect  .   (helmet unavailable)
rElec   .          Harm     .   (no cloak)
rCorr   .          Rampage  .   (no gloves)
Will    .....                   (no boots)
Stlth   +.........              (no amulet)
HPRegen 0.07/turn               (no ring)
MPRegen 0.09/turn               (no ring)

@: no status effects
A: permanent stasis, dig shafts and tunnels, antennae 3, four strong arms
a: Dig, Shaft Self


You were on level 1 of the Dungeon.
You visited 1 branch of the dungeon, and saw 1 of its levels.

You collected 48 gold pieces.

Inventory:

Hand Weapons
 a - a +0 hand crossbow (weapon)
Armour
 b - a +0 robe (worn)
Scrolls
 c - 2 scrolls of vulnerability
 d - a scroll of teleportation {unknown}
Potions
 e - a potion of curing {unknown}


   Skills:
 + Level 1.4 Fighting
 + Level 2.2 Crossbows
 + Level 0.9 Armour
 + Level 2.0 Dodging
 + Level 0.9 Stealth
 + Level 1.3 Spellcasting
 - Level 3.6 Hexes


You had 2 spell levels left.
You knew the following spells:

 Your Spells              Type           Power      Damage    Failure   Level
a - Slow                  Hex            36%        N/A       7%          1

Your spell library contained the following spells:

 Spells                   Type           Power      Damage    Failure   Level
 Inner Flame              Hex/Fire       5%         N/A       38%         3
 Portal Projectile        Hex/Tloc       10%        N/A       38%         3
 Cause Fear               Hex            4%         N/A       54%         4


Dungeon Overview and Level Annotations

Branches:
Dungeon (1/15)

Altars:


Innate Abilities, Weirdness & Mutations

You cannot be hasted, slowed, berserked, paralysed or teleported.
You can dig through walls and to a lower floor.
You have a pair of large antennae on your head. (SInv)
Your four strong arms can wield two-handed weapons with a shield.


Message History

You shoot a bolt. The bolt hits the quokka.
The quokka is moderately wounded.
The quokka barely misses you.
You shoot a bolt. The bolt closely misses the quokka.
The quokka bites you. x2
You shoot a bolt. The bolt barely misses the quokka.
The quokka bites you.
The quokka bites you but does no damage.
You shoot a bolt. The bolt closely misses the quokka.
The quokka closely misses you.
You shoot a bolt. The bolt closely misses the quokka.
The quokka closely misses you. The quokka bites you.
You are too injured to fight recklessly!
Aiming: Slow (safe; 7% risk of failure)
Press: ? - help, Q - select action, (/) - cycle Shift-Dir - straight line, f/p - quokka
Aim: a quokka (moderately wounded, chance to affect: 64%)
The quokka struggles to resist.
The quokka closely misses you.
Aiming: Slow (safe; 7% risk of failure)
Press: ? - help, Q - select action, (/) - cycle Shift-Dir - straight line, f/p - quokka
Aim: a quokka (moderately wounded, chance to affect: 64%)
The quokka struggles to resist.
The quokka closely misses you.
Casting: Slow (safe; 7% risk of failure)
Confirm with . or Enter, or press ? or * to list all spells.
You don't know that spell.
Search for what [? for help]? .
Okay, then.
Shoot: a) +0 hand crossbow
Press: ? - help, Q - select action, (/) - cycle Shift-Dir - straight line, f/p - quokka
Aim: a quokka (moderately wounded, 46% to hit)
You shoot a bolt.
The bolt hits the quokka but does no damage.
The quokka is moderately wounded.
The quokka bites you. x2
* * * LOW HITPOINT WARNING * * *
Shoot: a) +0 hand crossbow
Press: ? - help, Q - select action, (/) - cycle Shift-Dir - straight line, f/p - quokka
Aim: a quokka (moderately wounded, 46% to hit)
You shoot a bolt. The bolt closely misses the quokka.
The quokka bites you.
* * * LOW HITPOINT WARNING * * *
The quokka bites you.
You die...

#####.......#
..........†.#########
....................#
#####........##.#####....#
#.............#.# ##'#.#### ##
#...............# #.#.....
..##......#####.#########'######
.........# #.#..............[
#.......# ###.#.#.###########.
#.......# #...#.##.#.......#.#
#......###.###.#.#.###'###.#.
+..........# #.#.#.#.....#.#. .
#......###.###.#.#.#.....#.#. ..
####.......'.'.#.#.+..<..+.#.
... #.#####÷###.#.#.#.....#.#.
.... #.# #...#.#.#.#.....#.#.
..... #.# ###.#.#.#.###+###.#.
......#.## #.#.##.#.......#.#
......r@.# #.#.#.###########.
...##....# #.#...............
#....# #.#########+######
......# #......†..#.# # .......#
######...##.#'## # .........#
#........##....##### ........##
#....(..######...... .........
#.......# ####### #.......# ####
#.......# #.[. #.......# #...
######### #... #... #... #...
#... #... #... ####


You could see a quokka.

Vanquished Creatures
  2 ball pythons (D:1)
  5 endoplasms (D:1)
  A hobgoblin (D:1)
  A kobold (D:1)
  3 quokkas (D:1)
  A frilled lizard (D:1)
  A rat (D:1)
14 creatures vanquished.

Notes
Turn   | Place    | Note
-------+----------+-------------------------------------------
     0 | D:1      | petzl the Formicid Arcane Marksman began the quest for the
                  | Orb.
     0 | D:1      | Reached XP level 1. HP: 15/15 MP: 2/2
   105 | D:1      | Reached XP level 2. HP: 21/21 MP: 3/3
   583 | D:1      | Slain by a quokka

Illustrated notes

Levels and vault maps discovered:
D:1:      matt_arrival_los_fun, layout_basic, basic_ecumenical_altar

Skill      XL: |  1  2 |
---------------+-------+-----
Dodging        | 2 |  2.0
Fighting       | |  1.4
Crossbows      | |  2.2
Armour         | |  0.9
Stealth        | |  0.9
Spellcasting   | |  1.3
Hexes          | |  3.6

Action                   || total
-------------------------++-------
 Fire: Hand crossbow     ||    50
 Cast: Slow              ||     2
Armor: Robe              ||     4
Dodge: Dodged            ||    29

Table legend: (Time is in decaauts)
 A = Elapsed time spent in this place.
 B = Non-inter-level travel time spent in this place.
 C = Inter-level travel time spent in this place.
 D = Time resting spent in this place.
 E = Time spent auto-exploring this place.
 F = Levels seen in this place.
 G = Mean time per level.
                   A        B        C        D        E       F      G
               +--------+--------+--------+--------+--------+-----+--------+
         Total |    602 |    602 |      0 |    198 |    311 |   1 |  602.0 |
       Dungeon |    602 |    602 |      0 |    198 |    311 |   1 |  602.0 |
               +--------+--------+--------+--------+--------+-----+--------+

Top non-repeatable levels by time:
     D:1: 602 daAuts
